 Dungeon Crawl Stone Soup version bcrawl-1.28.1b (webtiles) character file.

Game seed: 7052023758924153935

324955 Morbidden the Cudgeler (level 8, -7/66 HPs)
             Began as a White Draconian Archaeologist on Dec 26, 2020.
             Was an Initiate of Cheibriados.
             Mangled by an ogre
             ... wielding a +0 giant club
              (16 damage)
             ... on level 5 of the Dungeon.
             The game lasted 00:04:26 (3107 turns).

Morbidden the Cudgeler (DrAc)                       Turns: 3107, Time: 00:04:26

Health: -7/66      AC:  9    Str: 19    XL:     8   Next: 11%
Magic:  8/8        EV: 14    Int: 17    God:    Cheibriados [......]
Gold:   259        SH:  0    Dex: 12    Spells: 7/7 levels left

rFire    + + .     SeeInvis .   a - +7 great mace "Firestarter" {inner flame, rF++}
rCold    + . .     Gourm    .   (shield currently unavailable)
rNeg     . . .     Faith    .   (armour unavailable)
rPois    .         Spirit   .   s - +1 hat
rElec    .         Reflect  .   (no cloak)
rCorr    .         Harm     .   (no gloves)
MR       .....                  c - +1 pair of boots
Stlth    +++.......             (no amulet)
HPRegen  0.21/turn              l - +5 ring of strength
MPRegen  0.11/turn              (no ring)

@: very slow
A: breathe frost, unfitting armour, cold resistance 1, cold-blooded, AC +6
a: Breathe Frost, Bend Time, Renounce Religion


You were on level 5 of the Dungeon.
You worshipped Cheibriados.
Cheibriados was noncommittal.
You were very hungry.

You visited 2 branches of the dungeon, and saw 6 of its levels.

You collected 259 gold pieces.

Inventory:

Hand Weapons
 a - the +7 great mace "Firestarter" (weapon) {inner flame, rF++}
   (You acquired it on level 3 of the Dungeon)

   It has been specially enchanted to surge with flame as it hits, increasing
   damage dealt by approximately one third against foes not resistant or
   susceptible to fire.
   It greatly protects you from fire.
 b - a +0 hunting sling
 f - a +0 whip
Missiles
 k - 74 sling bullets
 w - 73 javelins (quivered)
Armour
 c - a +1 pair of boots (worn)
 s - a +1 hat (worn)
Jewellery
 j - a cursed amulet of inaccuracy {unknown}
 l - a +5 ring of strength (left hand)
Wands
 y - a wand of random effects (9)
Scrolls
 d - a scroll of magic mapping
 o - 3 scrolls of remove curse
 q - 7 scrolls of identify
 v - 3 scrolls of teleportation
Potions
 g - a potion of might {unknown}
 m - 4 potions of agility {unknown}
 n - 5 potions of haste {unknown}
 p - 2 potions of mutation {unknown}
 r - a potion of berserk rage {unknown}
 t - a potion of curing {unknown}
 u - a potion of ambrosia {unknown}
 z - a potion of magic {unknown}
 A - 2 potions of heal wounds {unknown}
 B - a potion of brilliance {unknown}
 C - 2 potions of flight {unknown}
Comestibles
 e - 8 rations {!d}


   Skills:
 * Level 3.7 Fighting
 * Level 5.7 Maces & Flails
 + Level 3.6 Slings
 * Level 4.4 Dodging
 + Level 4.2 Stealth
 + Level 1.2 Unarmed Combat
 * Level 0.5 Invocations


You had 7 spell levels left.
You didn't know any spells.
Your spell library contained the following spells:

 Spells                   Type           Power        Failure   Level  Hunger
 Corona                   Hex            #......      24%         1    None
 Ensorcelled Hibernation  Hex/Ice        #.....       34%         2    ####...
 Confuse                  Hex            #.......     56%         3    #####..
 Dazzling Orbs            Conj/Hex       #......      56%         3    #####..
 Tukima's Dance           Hex            #.......     56%         3    #####..


Dungeon Overview and Level Annotations

Branches:
Dungeon (5/12)             Temple (1/1) D:4

Altars:
Ashenzari
Cheibriados
Dithmenos
Elyvilon
Fedhas
Hepliaklqana
Lugonu
Makhleb
Nemelex Xobeh
Okawaru
Ru
Sif Muna
Trog
Uskayaw
Wu Jian
Zin
The Shining One


Innate Abilities, Weirdness & Mutations

You can breathe waves of freezing cold.
You can buffet flying creatures when you breathe cold.
Your icy white scales are hard. (AC +6)
You cannot fit into any form of body armour.
Your flesh is cold resistant. (rC+)
You are cold-blooded and may be slowed by cold attacks.


Message History

An orc comes into view. It is wielding a +0 flail.
The ogre completely misses you. The adder misses you.
The ogre hits you but does no damage.
You have reached level 8!
You feel agile. The adder bites you but does no damage.
The orc completely misses you.
Things that are here:
a +0 flail; a +0 leather armour; an orc corpse You bludgeon the ogre!!
You burn the ogre!
You kill the ogre!
Cheibriados appreciates the change of pace.
The adder bites you but does no damage. The orc hits you with a +0 flail.
* * * LOW HITPOINT WARNING * * *
The adder bites you but does no damage. The ogre barely misses you.
The orc closely misses you. The adder closely misses you.
No path to travel!
You sock the ogre! You burn the ogre.
The ogre is filled with an inner flame.
The ogre is severely wounded.
The adder bites you but does no damage. The ogre hits you with a +0 giant club!
You die...

#.......$..........
#...(..............
#..#<.............
#.................
#.........#.......
#.........#......#
#........##.....#
#)O.>...###..# ###
#@S..........###..
##o...............
#.......#.......)#
#o.......#.........
...##....###..####..
O.##
##....##.#####.. ..
#...###...###..
#.... ##.......
#.#.....


You could see an ogre (inner flame), an adder and an orc.

Vanquished Creatures
  The ghost of Quickbrownfox the Sneak, an amateur DsAc of Cheibriados (D:4)
  A phantom (D:3)
  2 sky beasts
  A necrophage (D:5)
  A black bear (D:4)
  2 ogres
  A howler monkey (D:3)
  3 crimson imps
  An orc priest (D:5)
  A bullfrog skeleton (D:4)
  A worker ant (D:5)
  A killer bee zombie (D:4)
  A mummy (D:5)
  An adder (D:2)
  2 worms
  5 dart slugs
  4 leopard geckos
  11 orcs
  8 bats
  3 giant cockroaches
  5 goblins
  4 hobgoblins
  8 jackals
  12 kobolds
  A quokka (D:2)
  4 frilled lizards
  A quokka skeleton (D:4)
  5 rats
91 creatures vanquished.

Notes
Turn   | Place    | Note
-------+----------+-------------------------------------------
     0 | D:1      | Morbidden the Draconian Archaeologist began the quest for
                  | the Orb.
     0 | D:1      | Reached XP level 1. HP: 16/16 MP: 1/1
   242 | D:1      | Reached XP level 2. HP: 23/23 MP: 2/2
   355 | D:1      | Found a glowing golden altar of the Shining One.
   498 | D:1      | Reached XP level 3. HP: 24/28 MP: 3/3
   856 | D:2      | Reached skill level 1 in Slings
  1187 | D:2      | Reached XP level 4. HP: 36/36 MP: 4/4
  1455 | D:3      | Reached skill level 1 in Unarmed Combat
  1497 | D:3      | Reached XP level 5. HP: 36/41 MP: 5/5
  1497 | D:3      | Identified a scroll of acquirement
  1507 | D:3      | Identified the +1 cloak "Peedy" {+Blink +Fly} (You acquired
                  | it on level 3 of the Dungeon)
  1508 | D:3      | Found the +7 great mace "Firestarter" {inner flame, rF++}
  1670 | D:3      | Noticed a sky beast
  1675 | D:3      | Killed a sky beast
  1676 | D:3      | Reached XP level 6. HP: 24/50 MP: 6/6
  1875 | D:3      | Reached skill level 2 in Maces & Flails
  2190 | D:4      | Found a staircase to the Ecumenical Temple.
  2200 | Temple   | Entered the Ecumenical Temple
  2258 | D:4      | Found a runed translucent gate.
  2258 | D:4      | Found a runed translucent gate.
  2258 | D:4      | Found a runed translucent gate.
  2260 | D:4      | Noticed Quickbrownfox's ghost (amateur DsAc)
  2270 | D:4      | Noticed a sky beast
  2278 | D:4      | Killed a sky beast
  2279 | D:4      | Reached skill level 3 in Maces & Flails
  2279 | D:4      | Your scales start taking on an icy white colour.
  2279 | D:4      | Reached XP level 7. HP: 36/57 MP: 7/7
  2279 | D:4      | Gained mutation: Your flesh is cold resistant. (rC+) [White
                  | Draconian growth]
  2574 | D:4      | Found a hide-covered altar of Uskayaw.
  2574 | D:4      | Found a blossoming altar of Fedhas.
  2579 | D:4      | Found an ornate altar of the Wu Jian Council.
  2598 | D:4      | Found a bloodstained altar of Trog.
  2600 | D:4      | Found a burning altar of Makhleb.
  2833 | D:4      | Found a glowing silver altar of Zin.
  2851 | D:4      | Reached skill level 4 in Maces & Flails
  2912 | D:4      | Killed Quickbrownfox's ghost
  3035 | D:5      | Entered Level 5 of the Dungeon
  3038 | D:5      | Reached skill level 5 in Maces & Flails
  3052 | D:5      | Found a snail-covered altar of Cheibriados.
  3062 | D:5      | Became a worshipper of Cheibriados the Contemplative
  3105 | D:5      | Reached XP level 8. HP: 11/66 MP: 8/8
  3107 | D:5      | Mangled by an ogre

Skill      XL: |  1  2  3  4  5  6  7 |
---------------+----------------------+-----
Dodging        | 3 4 |  4.4
Slings         | 1 3 |  3.6
Unarmed Combat | 1 |  1.2
Fighting       | 2 3 |  3.7
Maces & Flails | 3 5 |  5.7
Stealth        | 4 |  4.2
Invocations    | |  0.5

Action                   |  1- 3 |  4- 6 |  7- 9 || total
-------------------------+-------+-------+-------++-------
Melee: Whip              |    26 |       |       ||    26
       Tailslap          |     2 |     1 |     1 ||     4
       Great mace        |       |    34 |    22 ||    56
 Fire: Hunting sling     |   105 |    61 |       ||   166
  Use: Scroll            |       |     1 |     5 ||     6
 Stab: Sleeping          |     1 |     3 |     2 ||     6
       Distracted        |       |     1 |       ||     1
  Eat: Chunk             |     4 |     5 |     4 ||    13
Armor: Skin              |    27 |    39 |    11 ||    77
Dodge: Dodged            |    69 |    69 |    19 ||   157
